PAAA
BAKERSFIELD NOBLES @ JERSEY CITY TRITONS
09/18/2041
 
TOP OF THE 1ST
Bakersfield Nobles batting - Pitching for Jersey City Tritons : LHP Paul Vereen
Pitching: LHP Paul Vereen
Batting: RHB Asbel Kiprop 0-0: Called Strike
0-1: Foul Ball, location: 2F
0-2: Foul Ball, location: 2F
0-2: Ball
1-2: DOUBLE (Line Drive, 5D, EV 108.1 MPH)
Batting: RHB Rocky Moran 0-0: Ball
1-0: Ground out 5-3 (Groundball, 56, EV 110.0 MPH)
Batting: LHB Chris Fitzgerald 0-0: Ball
1-0: Ball
2-0: Ball
3-0: Called Strike
3-1: Foul Ball, location: 2F
3-2: Fly out, F8 (Line Drive, 8LM, EV 106.9 MPH)
Batting: RHB Tyler Bowen 0-0: Called Strike
0-1: Ball
1-1: Foul Ball, location: 2F
1-2: Ball
2-2: Strikes out looking
Top of the 1st over - 0 runs, 1 hit, 0 errors, 1 left on base; Bakersfield 0 - Jersey City 0
BOTTOM OF THE 1ST
Jersey City Tritons batting - Pitching for Bakersfield Nobles : RHP Peer Slooters
Pitching: RHP Peer Slooters
Batting: RHB Santiago Valentín 0-0: Ground out 4-3 (Groundball, 4, EV 105.6 MPH)
Batting: RHB José García 0-0: Ball
1-0: Called Strike
1-1: Swinging Strike
1-2: Ball
2-2: Foul Ball, location: 2F
2-2: Fly out, F8 (Flyball, 8RS, EV 91.2 MPH)
Batting: RHB Alfredo Valdéz 0-0: Called Strike
0-1: Swinging Strike
0-2: Fly out, F9 (Flyball, 89D, EV 98.8 MPH)
Bottom of the 1st over - 0 runs, 0 hits, 0 errors, 0 left on base; Bakersfield 0 - Jersey City 0
TOP OF THE 2ND
Bakersfield Nobles batting - Pitching for Jersey City Tritons : LHP Paul Vereen
Batting: SHB Jason Graham 0-0: Ball
1-0: Ball
2-0: DOUBLE (Flyball, 8RXD, EV 109.4 MPH)
Batting: LHB Kevin de Bruyne 0-0: Ball
1-0: Fly out, F9 (Flyball, 9, EV 76.2 MPH)
Batting: RHB Omer Yurtseven 0-0: Called Strike
0-1: Swinging Strike
0-2: Ball
1-2: Ball
2-2: Ball
3-2: SINGLE (Groundball, 34D, EV 101.9 MPH)
Jason Graham to third
Runner from 3rd tries for Home, SAFE, throw by RF to home
Batting: RHB Carlos Miranda 0-0: Called Strike
0-1: SINGLE (Groundball, 6D, EV 94.4 MPH)
Omer Yurtseven to second
Batting: SHB Marc Cadiou 0-0: Called Strike
0-1: Grounds into double play, 3-6-1 (Groundball, 3, EV 84.4 MPH)
Top of the 2nd over - 1 run, 3 hits, 0 errors, 1 left on base; Bakersfield 1 - Jersey City 0
BOTTOM OF THE 2ND
Jersey City Tritons batting - Pitching for Bakersfield Nobles : RHP Peer Slooters
Batting: RHB Mauro Jasso 0-0: Ball
1-0: Ball
2-0: Ground out 6-3 (Groundball, 6, EV 85.6 MPH)
Batting: LHB Steve Whitehead 0-0: Ball
1-0: Called Strike
1-1: Called Strike
1-2: Strikes out swinging
Batting: RHB Omar Krutsinger 0-0: Ball
1-0: Ball
2-0: Ball
3-0: Called Strike
3-1: Foul Ball, location: 2F
3-2: Strikes out swinging
Bottom of the 2nd over - 0 runs, 0 hits, 0 errors, 0 left on base; Bakersfield 1 - Jersey City 0
TOP OF THE 3RD
Bakersfield Nobles batting - Pitching for Jersey City Tritons : LHP Paul Vereen
Batting: RHB Asbel Kiprop 0-0: Foul Ball, location: 2F
0-1: Foul Ball, location: 2F
0-2: Ball
1-2: Foul Ball, location: 2F
1-2: Ball
2-2: Ground out 5-3 (Groundball, 56, EV 84.4 MPH)
Batting: RHB Rocky Moran 0-0: Ball
1-0: Ground out U3 (Groundball, 34, EV 103.8 MPH)
Batting: LHB Chris Fitzgerald 0-0: Called Strike
0-1: Called Strike
0-2: Ball
1-2: Fly out, F4 (Flyball, 4D, EV 83.8 MPH)
Top of the 3rd over - 0 runs, 0 hits, 0 errors, 0 left on base; Bakersfield 1 - Jersey City 0
BOTTOM OF THE 3RD
Jersey City Tritons batting - Pitching for Bakersfield Nobles : RHP Peer Slooters
Batting: RHB Sun-jae Kwak 0-0: Called Strike
0-1: Foul Ball, location: 2F
0-2: Foul Ball, location: 2F
0-2: Foul Ball, location: 2F
0-2: Ball
1-2: Strikes out looking and he ARGUES THE CALL AND IS TOSSED!
Batting: RHB Jaime Montés 0-0: Foul Ball, location: 2F
0-1: Ground out 4-3 (Groundball, 4, EV 104.4 MPH)
Batting: RHB Shou-chien Luo 0-0: SOLO HOME RUN (Flyball, 78XD, EV 91.2 MPH), Distance : 423 ft
Batting: RHB Santiago Valentín 0-0: Swinging Strike
0-1: Ball
1-1: Ball
2-1: Ball
3-1: Swinging Strike
3-2: Foul Ball, location: 2F
3-2: Foul Ball, location: 2F
3-2: Fly out, F7 (Flyball, 7, EV 91.9 MPH)
Bottom of the 3rd over - 1 run, 1 hit, 0 errors, 0 left on base; Bakersfield 1 - Jersey City 1
TOP OF THE 4TH
Bakersfield Nobles batting - Pitching for Jersey City Tritons : LHP Paul Vereen
Now at C: Jarred Williamson
Batting: RHB Tyler Bowen 0-0: Ball
1-0: Called Strike
1-1: Ball
2-1: Foul Ball, location: 2F
2-2: Fly out, F7 (Flyball, 7, EV 91.2 MPH)
Batting: SHB Jason Graham 0-0: Ball
1-0: Fly out, F6 (Line Drive, 6, EV 61.9 MPH)
Batting: LHB Kevin de Bruyne 0-0: Ball
1-0: Called Strike
1-1: Swinging Strike
1-2: Foul Ball, location: 2F
1-2: Ground out 1-3 (Groundball, 13, EV 86.2 MPH)
Top of the 4th over - 0 runs, 0 hits, 0 errors, 0 left on base; Bakersfield 1 - Jersey City 1
BOTTOM OF THE 4TH
Jersey City Tritons batting - Pitching for Bakersfield Nobles : RHP Peer Slooters
Batting: RHB José García 0-0: Ball
1-0: Foul Ball, location: 2F
1-1: Swinging Strike
1-2: Ground out 4-3 (Groundball, 4, EV 78.1 MPH)
Batting: RHB Alfredo Valdéz 0-0: Ball
1-0: Ball
2-0: Foul Ball, location: 2F
2-1: Ball
3-1: Called Strike
3-2: Foul Ball, location: 2F
3-2: Foul Ball, location: 2F
3-2: Foul Ball, location: 2F
3-2: Strikes out swinging
Batting: RHB Mauro Jasso 0-0: Ball
1-0: Ball
2-0: Ball
3-0: Base on Balls
Batting: LHB Steve Whitehead 0-0: Called Strike
Mauro Jasso steals 2nd base
0-1: Ball
1-1: Foul Ball, location: 2F
1-2: Foul Ball, location: 2F
1-2: Ball
2-2: Foul Ball, location: 2F
2-2: Foul Ball, location: 2F
2-2: Foul Ball, location: 2F
2-2: Foul Ball, location: 2F
2-2: SINGLE (Groundball, 6MD, EV 103.1 MPH)
Mauro Jasso to third
Runner from 3rd tries for Home, SAFE, throw by CF to home
Batting: RHB Omar Krutsinger 0-0: Ball
1-0: Called Strike
1-1: Foul Ball, location: 2F
1-2: 2-RUN HOME RUN (Flyball, 78XD, EV 110.0 MPH), Distance : 418 ft
Batting: LHB Jarred Williamson 0-0: Ball
1-0: Ball
2-0: Ball
3-0: Called Strike
3-1: Base on Balls
Batting: RHB Jaime Montés 0-0: Ground out 4-3 (Groundball, 4, EV 82.5 MPH)
Bottom of the 4th over - 3 runs, 2 hits, 0 errors, 1 left on base; Bakersfield 1 - Jersey City 4
TOP OF THE 5TH
Bakersfield Nobles batting - Pitching for Jersey City Tritons : LHP Paul Vereen
Batting: RHB Omer Yurtseven 0-0: Foul Ball, location: 2F
0-1: Ball
1-1: Ball
2-1: Ball
3-1: Called Strike
3-2: Base on Balls
Batting: RHB Carlos Miranda 0-0: Ball
1-0: Swinging Strike
1-1: Ball
2-1: Fly out, F8 (Flyball, 8LD, EV 96.2 MPH)
Batting: SHB Marc Cadiou 0-0: Grounds into double play, 4-6-3 (Groundball, 34, EV 105.0 MPH)
Top of the 5th over - 0 runs, 0 hits, 0 errors, 0 left on base; Bakersfield 1 - Jersey City 4
BOTTOM OF THE 5TH
Jersey City Tritons batting - Pitching for Bakersfield Nobles : RHP Peer Slooters
Batting: RHB Shou-chien Luo 0-0: Ball
1-0: Ball
2-0: Called Strike
2-1: Called Strike
2-2: Ground out 6-3 (Groundball, 6, EV 82.5 MPH)
Batting: RHB Santiago Valentín 0-0: Called Strike
0-1: Ball
1-1: Ball
2-1: Swinging Strike
2-2: Foul Ball, location: 2F
2-2: Ground out 4-3 (Groundball, 4, EV 86.2 MPH)
Batting: RHB José García 0-0: Ball
1-0: Fly out, F7 (Flyball, 7D, EV 78.8 MPH)
Bottom of the 5th over - 0 runs, 0 hits, 0 errors, 0 left on base; Bakersfield 1 - Jersey City 4
TOP OF THE 6TH
Bakersfield Nobles batting - Pitching for Jersey City Tritons : LHP Paul Vereen
Batting: RHB Asbel Kiprop 0-0: Ball
1-0: Fly out, F9 (Line Drive, 9D, EV 93.1 MPH)
Batting: RHB Rocky Moran 0-0: Called Strike
0-1: SINGLE (Groundball, 56D, EV 101.2 MPH)
Batting: LHB Chris Fitzgerald 0-0: Called Strike
0-1: Foul Ball, location: 2F
0-2: Ball
1-2: Fly out, F7 (Flyball, 7, EV 96.2 MPH)
Batting: RHB Tyler Bowen 0-0: Foul Ball, location: 2F
0-1: Ball
1-1: Ball
2-1: Ball
3-1: Fly out, F9 (Flyball, 89S, EV 86.9 MPH)
Top of the 6th over - 0 runs, 1 hit, 0 errors, 1 left on base; Bakersfield 1 - Jersey City 4
BOTTOM OF THE 6TH
Jersey City Tritons batting - Pitching for Bakersfield Nobles : RHP Peer Slooters
Pitching: RHP Jacob Swanson
Batting: RHB Alfredo Valdéz 0-0: Ball
1-0: Ball
2-0: Ball
3-0: Called Strike
3-1: Called Strike
3-2: Base on Balls
Batting: RHB Mauro Jasso 0-0: Called Strike
0-1: Ball
1-1: Fly out, F5 (Popup, 5F, EV 55.6 MPH)
Batting: LHB Steve Whitehead 0-0: Ball
1-0: Swinging Strike
1-1: Ball
2-1: Swinging Strike
2-2: Fly out, F6 (Popup, 6, EV 65.6 MPH)
Batting: RHB Omar Krutsinger 0-0: Ball
1-0: Called Strike
1-1: Swinging Strike
1-2: Ball
Alfredo Valdéz steals 2nd base
2-2: Strikes out swinging
Bottom of the 6th over - 0 runs, 0 hits, 0 errors, 1 left on base; Bakersfield 1 - Jersey City 4
TOP OF THE 7TH
Bakersfield Nobles batting - Pitching for Jersey City Tritons : LHP Paul Vereen
Batting: SHB Jason Graham 0-0: Swinging Strike
0-1: Swinging Strike
0-2: Foul Ball, location: 2F
0-2: Foul Ball, location: 2F
0-2: Ball
1-2: Strikes out swinging
Batting: LHB Kevin de Bruyne 0-0: Ball
1-0: Fly out, F8 (Flyball, 89XD, EV 82.5 MPH)
Batting: RHB Omer Yurtseven 0-0: Fly out, F8 (Flyball, 8RM, EV 91.9 MPH)
Top of the 7th over - 0 runs, 0 hits, 0 errors, 0 left on base; Bakersfield 1 - Jersey City 4
BOTTOM OF THE 7TH
Jersey City Tritons batting - Pitching for Bakersfield Nobles : RHP Jacob Swanson
Batting: LHB Jarred Williamson 0-0: Foul Ball, location: 2F
0-1: Called Strike
0-2: Ball
1-2: Foul Ball, location: 2F
1-2: Foul Ball, location: 2F
1-2: Ball
2-2: Strikes out swinging
Batting: RHB Jaime Montés 0-0: Ball
1-0: Called Strike
1-1: Ground out 5-3 (Groundball, 56, EV 91.2 MPH)
Batting: RHB Shou-chien Luo 0-0: Ball
1-0: Fly out, F8 (Line Drive, 8RM, EV 92.5 MPH)
Bottom of the 7th over - 0 runs, 0 hits, 0 errors, 0 left on base; Bakersfield 1 - Jersey City 4
TOP OF THE 8TH
Bakersfield Nobles batting - Pitching for Jersey City Tritons : LHP Paul Vereen
Now in LF: Bud Randall
Batting: RHB Carlos Miranda 0-0: Ball
1-0: Foul Ball, location: 2F
1-1: Ball
2-1: Fly out, F9 (Flyball, 89M, EV 95.0 MPH)
Batting: SHB Marc Cadiou 0-0: Ball
1-0: Called Strike
1-1: Ground out 4-3 (Groundball, 34, EV 108.8 MPH)
Batting: RHB Asbel Kiprop 0-0: Fly out, F8 (Flyball, 8LM, EV 94.4 MPH)
Top of the 8th over - 0 runs, 0 hits, 0 errors, 0 left on base; Bakersfield 1 - Jersey City 4
BOTTOM OF THE 8TH
Jersey City Tritons batting - Pitching for Bakersfield Nobles : RHP Jacob Swanson
Batting: RHB Santiago Valentín 0-0: Called Strike
0-1: Fly out, F3 (Line Drive, 3, EV 70.6 MPH)
Batting: RHB José García 0-0: Foul Ball, location: 2F
0-1: Ball
1-1: Ground out 6-3 (Groundball, 6, EV 90.0 MPH)
Batting: RHB Alfredo Valdéz 0-0: Called Strike
0-1: Called Strike
0-2: Foul Ball, location: 2F
0-2: Ball
1-2: Fly out, F9 (Flyball, 9LS, EV 91.9 MPH)
Bottom of the 8th over - 0 runs, 0 hits, 0 errors, 0 left on base; Bakersfield 1 - Jersey City 4
TOP OF THE 9TH
Bakersfield Nobles batting - Pitching for Jersey City Tritons : LHP Paul Vereen
Batting: RHB Rocky Moran 0-0: Called Strike
0-1: Fly out, F8 (Flyball, 8RM, EV 78.8 MPH)
Pitching: LHP Wesley van Klaveren
Batting: LHB Chris Fitzgerald 0-0: Ball
1-0: Foul Ball, location: 2F
1-1: Fly out, F8 (Line Drive, 8LD, EV 90.0 MPH)
Batting: RHB Tyler Bowen 0-0: Ball
1-0: Called Strike
1-1: Ball
2-1: Ground out 6-3 (Groundball, 6S, EV 68.1 MPH)
Top of the 9th over - 0 runs, 0 hits, 0 errors, 0 left on base; Bakersfield 1 - Jersey City 4
Tuesday, January 5th, 2021 - OOTP Baseball 20.8 Build 74